 Dungeon Crawl Stone Soup version 0.31-a0-37-g98a128e1d9 (webtiles) character file.

Game seed: 10954251455282315328

66 pk666 the Magician (level 3, 0/19 HPs)
             Began as a Deep Elf Fire Elementalist on May 15, 2023.
             Blown up by Ijyb (5 damage)
             ... with a mindburst bolt
             ... on level 3 of the Dungeon.
             The game lasted 00:02:53 (2481 turns).

pk666 the Magician (Deep Elf Fire Elementalist)     Turns: 2481, Time: 00:02:54

Health: 0/19       AC:  2    Str:  5    XL:     3   Next: 96%
Magic:  4/10       EV: 17    Int: 21    God:
Gold:   42         SH:  0    Dex: 15    Spells: 9/10 levels left

rFire   . . .        (no weapon)
rCold   . . .        (no shield)
rNeg    . . .        a - +0 robe
rPois   .            (no helmet)
rElec   .            (no cloak)
rCorr   .            (no gloves)
SInv    .            (no boots)
Will    .....        (no amulet)
Stlth   ++           i - +5 ring of evasion
HPRegen 0.23/turn    (no ring)
MPRegen 0.12/turn

%: no passive effects
@: very slightly contaminated
A: no striking features
a: no special abilities


You were on level 3 of the Dungeon.
You visited 1 branch of the dungeon, and saw 3 of its levels.

You collected 112 gold pieces.
You spent 70 gold pieces at shops.

Inventory:

Armour
 a - a +0 robe (worn)
Jewellery
 i - a +5 ring of evasion (left hand)
Scrolls
 c - 4 scrolls of identify
 f - 5 scrolls of teleportation
 k - a scroll of fear {unknown}
 l - a scroll of blinking {unknown}
 n - a scroll of fog {unknown}
Potions
 b - a potion of magic
 d - 2 potions of lignification {unknown}
 e - a potion of curing {unknown}
 g - 2 potions of ambrosia {unknown}
 h - a potion of attraction {unknown}
 j - a potion of flight {unknown}
 m - a potion of heal wounds {unknown}


   Skills:
 - Level 2.4 Dodging
 - Level 2.4 Stealth
 + Level 4.2 Spellcasting
 + Level 2.4 Conjurations
 + Level 4.1 Fire Magic


You had 9 spell levels left.
You knew the following spells:

 Your Spells              Type           Power      Damage    Failure   Level
a - Foxfire               Conj/Fire      72%        2x1d7     3%          1

Your spell library contained the following spells:

 Spells                   Type           Power      Damage    Failure   Level
 Scorch                   Fire           42%        2d7       3%          2
 Inner Flame              Hex/Fire       13%        N/A       16%         3
 Volatile Blastmotes      Fire/Tloc      26%        2d12      16%         3
 Ensorcelled Hibernation  Hex/Ice        8%         N/A       19%         2
 Passwall                 Tmut/Erth      3%         N/A       19%         2
 Flame Wave               Conj/Fire      18%        2d7       30%         4
 Swiftness                Air            4%         N/A       34%         3


Dungeon Overview and Level Annotations

Branches:
Dungeon (3/15)

Altars:

Shops:
D:1 ?   D:2 *   D:3 (

Annotations:
D:3 Ijyb


Message History

Confirm with . or Enter, or press ? or * to list all spells.
You conjure some foxfire!
The foxfire hits Ijyb.
Ijyb is heavily wounded.
Ijyb zaps a wand.
Your mind is blasted!
Casting: Foxfire (safe; 3% risk of failure)
Confirm with . or Enter, or press ? or * to list all spells.
You conjure some foxfire!
The foxfire hits Ijyb.
Ijyb is severely wounded.
Your foxfire dissipates!
Casting: Foxfire (safe; 3% risk of failure)
Confirm with . or Enter, or press ? or * to list all spells.
You conjure some foxfire!
Ijyb misses you.
Your foxfire dissipates!
The foxfire hits Ijyb but does no damage.
Ijyb is severely wounded.
Ijyb screams, "Level is mine!
All mine!"
Casting: Foxfire (safe; 3% risk of failure)
Confirm with . or Enter, or press ? or * to list all spells.
You miscast Foxfire.
You are very lightly contaminated with residual magic.
Nothing appears to happen.
Ijyb zaps a wand.
Your mind is blasted!
Ouch! That really hurt!
* * * LOW HITPOINT WARNING * * *
A dart slug comes into view.
Ijyb zaps a wand.
Your mind is blasted!
* * * LOW HITPOINT WARNING * * *
Casting: Foxfire (safe; 3% risk of failure)
Confirm with . or Enter, or press ? or * to list all spells.
You conjure some foxfire!
The foxfire hits Ijyb but does no damage.
Ijyb is severely wounded.
The foxfire hits Ijyb but does no damage.
Ijyb is severely wounded.
Casting: Foxfire (safe; 3% risk of failure)
Confirm with . or Enter, or press ? or * to list all spells.
You conjure some foxfire!
Ijyb zaps a wand.
Your mind is blasted!
You die...

#. ##.
#.# ...
... ..#
#.#
#.###
#..##...
#......
#.∩v##
#.v@.#
#w#g.#
#..#.#
##.#<#
#.#.#
#.#.#
....#
###.#
#..


You could see Ijyb (ally target) and a dart slug.

Vanquished Creatures
  2 adders (D:2)
  7 bats
  7 endoplasms
  5 giant cockroaches
  6 goblins
  3 hobgoblins
  2 quokkas
  3 ball pythons (D:2)
  A frilled lizard (D:1)
  2 kobolds
  6 rats
44 creatures vanquished.

Vanquished Creatures (others)
  196 foxfires
196 creatures vanquished.

Grand Total: 240 creatures vanquished

Notes
Turn   | Place    | Note
-------+----------+-------------------------------------------
     0 | D:1      | pk666 the Deep Elf Fire Elementalist began the quest for
                  | the Orb.
     0 | D:1      | Reached XP level 1. HP: 10/10 MP: 6/6
   451 | D:1      | Reached XP level 2. HP: 15/15 MP: 5/8
  1018 | D:1      | Found Vuqaxzoi's Magic Scroll Shop.
  1035 | D:1      | Bought a scroll of identify for 28 gold pieces
  1035 | D:1      | Bought a scroll of teleportation for 42 gold pieces
  1307 | D:2      | Reached XP level 3. HP: 18/19 MP: 5/10
  1712 | D:2      | Found a faded altar of an unknown god.
  1746 | D:2      | Found Leemoo's General Store.
  2464 | D:3      | Noticed Ijyb
  2464 | D:3      | Found Xenu's Antique Weapon Shoppe.
  2481 | D:3      | Blown up by Ijyb

Illustrated notes

Levels and vault maps discovered:
D:1:      dpeg_arrival_snail, layout_basic, serial_shops, shop
D:2:      layout_basic, hellmonk_ecumenical_altar_inner_sanctum, serial_shops,
          shop
D:3:      layout_loops_ring, grunt_temple_overflow_diamond, serial_shops,
          shop_fountains, nicolae_shop_stone, nicolae_shop_waterfront,
          uniq_ijyb, uniq_grinder

Skill      XL: |  1  2  3 |
---------------+----------+-----
Conjurations   | 2 |  2.4
Spellcasting   | 4 |  4.2
Fire Magic     | 4 |  4.1
Dodging        | |  2.4
Stealth        | |  2.4

Action                     || total
---------------------------++-------
   Cast: Foxfire           ||   122
 Armour: Robe              ||     2
  Dodge: Dodged            ||    12

Table legend: (Time is in decaauts)
 A = Elapsed time spent in this place.
 B = Non-inter-level travel time spent in this place.
 C = Inter-level travel time spent in this place.
 D = Time resting spent in this place.
 E = Time spent auto-exploring this place.
 F = Levels seen in this place.
 G = Mean time per level.
                   A        B        C        D        E       F      G
               +--------+--------+--------+--------+--------+-----+--------+
         Total |   2479 |   2433 |     46 |     18 |   2069 |   3 |  826.3 |
       Dungeon |   2479 |   2433 |     46 |     18 |   2069 |   3 |  826.3 |
               +--------+--------+--------+--------+--------+-----+--------+

Top non-repeatable levels by time:
     D:1: 1284 daAuts
     D:2: 1179 daAuts
     D:3: 16 daAuts
